 Dungeon Crawl Stone Soup version 0.22-a0-369-gc73351f (webtiles) character file.

9063 iamserjio the Slicer (level 11, -2/58 HPs)
             Began as a Vine Stalker Enchanter on Apr 24, 2018.
             Was a Priest of Nemelex Xobeh.
             Killed by divine providence
             ... invoked by an orc priest
              (13 damage)
             ... on level 2 of the Orcish Mines.
             The game lasted 00:56:12 (9939 turns).

iamserjio the Slicer (Vine Stalker Enchanter)       Turns: 9939, Time: 00:56:13

Health: -2/58      AC: 13    Str: 14    XL:     11   Next: 40%
Magic:  0/16       EV: 27    Int: 15    God:    Nemelex Xobeh [***...]
Gold:   835        SH:  0    Dex: 15    Spells: 12/16 levels left

rFire    . . .     SeeInvis .   V - +0 dagger (venom)
rCold    + . .     Gourm    .   (no shield)
rNeg     . . .     Faith    .   U - +3 scale mail
rPois    +         Spirit   +   k - +1 hat
rElec    .         Reflect  .   t - +0 cloak
rCorr    .         Harm     .   I - +0 pair of gloves
MR       +....                  x - +0 pair of boots
Stlth    ++........             y - amulet of the acrobat
HPRegen  0.59/turn              C - ring of poison resistance
MPRegen  0.15/turn              o - ring of protection from cold

@: no status effects
A: fangs 3, regeneration 1, magic shield, antimagic bite, no potion heal 3, rot
immunity
a: Triple Draw, Renounce Religion


You were on level 2 of the Orcish Mines.
You worshipped Nemelex Xobeh.
Nemelex Xobeh was most pleased with you.
You were not hungry.

You visited 3 branches of the dungeon, and saw 13 of its levels.

You collected 1003 gold pieces.
You spent 168 gold pieces at shops.

Inventory:

Hand Weapons
 f - a +4 dagger of distortion
 h - a +3 dagger
 r - a +3 dagger of holy wrath
 E - a +1 vampiric falchion
 Q - a +3 arbalest
 R - a +2 falchion
 V - a +0 dagger of venom (weapon)
Armour
 b - a +0 robe
 k - a +1 hat (worn)
 n - a +0 leather armour
 s - a +0 helmet
 t - a +0 cloak (worn)
 x - a +0 pair of boots (worn)
 G - a +0 shield
 I - a +0 pair of gloves (worn)
 T - a +0 robe of cold resistance
 U - a +3 scale mail (worn)
 W - a +2 chain mail of fire resistance
Jewellery
 o - a ring of protection from cold (right hand)
 y - an amulet of the acrobat (around neck)
 C - a ring of poison resistance (left hand)
 O - an uncursed ring of protection from cold
Wands
 H - a wand of polymorph (29)
Scrolls
 i - a scroll of fog {unknown}
 j - 2 scrolls of remove curse
 m - a scroll of enchant weapon {unknown}
 p - 3 scrolls of magic mapping
 u - 5 scrolls of immolation {unknown}
 J - 4 scrolls of amnesia {unknown}
 K - 5 scrolls of teleportation
 L - a scroll of random uselessness {unknown}
 N - a scroll of holy word
Potions
 a - 3 potions of lignification
 c - a potion of flight
 g - a potion of agility
 l - a potion of magic {unknown}
 q - a potion of resistance
 v - 4 potions of heal wounds
 z - 4 potions of curing
 A - 2 potions of berserk rage
 D - a potion of mutation
 F - a potion of might
 S - 4 potions of degeneration {unknown}
Miscellaneous
 e - a plain deck of summoning {drawn: 8}
 w - a legendary deck of summoning {drawn: 1}
 B - an ornate deck of destruction {drawn: 8}
 P - a box of beasts
Comestibles
 d - 21 rations
 M - 2 chunks of flesh


   Skills:
 * Level 6.8 Fighting
 + Level 8.2 Short Blades
 + Level 0.0 Armour
 + Level 6.1 Dodging
 - Level 7.0 Stealth
 - Level 3.0 Spellcasting
 + Level 7.8 Hexes
 + Level 6.5 Invocations


You had 12 spell levels left.
You knew the following spells:

 Your Spells              Type           Power        Failure   Level  Hunger
a - Corona                Hex            ####...      3%          1    #......
b - Confuse               Hex            ####....     11%         3    ###....


Dungeon Overview and Level Annotations

Branches:
Dungeon (10/15)            Temple (1/1) D:4             Orc (2/2) D:9
    Elf (0/3) Orc:2
   Lair: D:8-11

Altars:
Ashenzari
Cheibriados
Dithmenos
Elyvilon
Fedhas
Gozag
Hepliaklqana
Kikubaaqudgha
Makhleb
Nemelex Xobeh
Okawaru
Qazlal
Ru
Sif Muna
Trog
Uskayaw
Vehumet
Wu Jian
Xom
Yredelemnul
Zin
The Shining One

Shops:
D:4 *   D:5 !   D:7 *   D:10 :

Annotations:
D:3 Grinder
D:10 Fannar


Innate Abilities, Weirdness & Mutations

You have razor-sharp teeth.
Your natural rate of healing is unusually fast.
When hurt, damage is shared between your health and your magic reserves.
Your bite disrupts and absorbs the magic of your enemies.
Potions cannot restore your health.
You are immune to rotting.


Message History

The orc warrior hits you with a scimitar!!
* * * LOW HITPOINT WARNING * * *
An orc warrior and 2 orc priests come into view.
The orc priest shouts!
The orc warrior shouts!
The orc warrior moves out of view.
The orc knight roars a battlecry!
The orcs go into a battle-frenzy!
The orc priest calls down the wrath of Beogh upon you.
Beogh smites you!
* * * LOW HITPOINT WARNING * * *
The orc warrior misses you.
Evoke which item? (* to show all) (? for menu, Esc to quit)
You draw a card...
It is the Pentagram.
You swap places.
The orc warrior barely misses your rakshasa.
The orc knight hits your sun demon with an uncursed battleaxe!!
The orc priest calls down the wrath of Beogh upon you.
Beogh smites you!
You die...
Your body glows slightly and disappears.

#..#### ###(#.
###..#..## #.....
###.#......####..o..
#^.........##.##.... ##
#........o#......))
##.##.........>#..o.#.<
#.......3oo.o.o.o...##)
##.......o#..<)[....###.
#......@R###()[).[..# ##
####.....##.......[.####
#......[.........#.##
####.........###......
##.............###.....
#............#.# #.....
##..##.......### ##....
##.###.....## ##....
#...##.....# #.....


You could see an orc knight, 2 orc warriors, an orc priest, a friendly rakshasa
and a friendly sun demon.

Vanquished Creatures
  An orc sorcerer (Orc:2)
  A rust devil (D:6)
  Psyche (D:8)
  An orange demon (D:6)
  The ghost of BattleRest the Magician, a novice DrWz (D:4)
  Prince Ribbit (D:5)
  2 hippogriffs
  5 yaks
  A water moccasin (D:7)
  A black bear (D:8)
  4 sky beasts
  15 orc warriors
  An ice beast (D:9)
  A necrophage (D:5)
  A wolf (D:6)
  5 ogres
  2 centaurs
  2 big kobolds
  2 bullfrogs
  A gnoll sergeant (D:7)
  2 scorpions
  A killer bee (D:6)
  A howler monkey (D:5)
  3 wights (D:9)
  A quasit (D:6)
  Crazy Yiuf (D:2)
  2 centaur zombies
  A bullfrog skeleton (D:3)
  3 hounds
  11 orc priests
  Terence (D:3)
  4 iguanas
  13 orc wizards
  5 worker ants
  A hound zombie (D:8)
  Robin (D:2)
  5 gnolls (D:8)
  13 adders
  4 oozes
  An adder zombie (D:8)
  3 worms
  A dart slug (D:1)
  3 leopard geckos
  53 orcs
  4 giant cockroaches
  10 goblins
  11 hobgoblins
  9 jackals
  7 quokkas
  3 ball pythons
  7 bats
  5 frilled lizards
  3 jackal skeletons
  13 kobolds
  A leopard gecko skeleton (D:6)
  4 rats (D:1)
  A fungus (D:2)
261 creatures vanquished.

Vanquished Creatures (collateral kills)
  The ghost of Arum the Warrior, an adept DsGl of Hepliaklqana (Orc:2)
  An orc sorcerer (Orc:2)
  A vampire (D:6)
  An ogre (D:5)
  An orc warrior (Orc:2)
  An orc wizard (Orc:2)
  2 orcs (Orc:2)
8 creatures vanquished.

Vanquished Creatures (others)
  A boggart (D:5)
1 creature vanquished.

Grand Total: 270 creatures vanquished

Notes
Turn   | Place    | Note
-------+----------+-------------------------------------------
     0 | D:1      | iamserjio the Vine Stalker Enchanter began the quest for the Orb.
     0 | D:1      | Reached XP level 1. HP: 9/9 MP: 4/4
    47 | D:1      | Reached skill level 1 in Short Blades
   144 | D:1      | Reached XP level 2. HP: 14/14 MP: 6/6
   810 | D:2      | Reached XP level 3. HP: 14/17 MP: 5/7
   862 | D:2      | Reached skill level 1 in Fighting
  1589 | D:2      | Gained mutation: Your natural rate of healing is unusually fast. [Vine Stalker growth]
  1589 | D:2      | Reached XP level 4. HP: 15/22 MP: 6/8
  1722 | D:2      | Noticed Robin
  1756 | D:2      | Killed Robin
  1821 | D:2      | Learned a level 3 spell: Confuse
  1882 | D:2      | Reached skill level 2 in Short Blades
  2234 | D:2      | Found a runed door.
  2238 | D:2      | Noticed Crazy Yiuf
  2250 | D:2      | Killed Crazy Yiuf
  2250 | D:2      | Reached XP level 5. HP: 13/26 MP: 0/10
  2615 | D:3      | Noticed Terence
  2636 | D:3      | Killed Terence
  2636 | D:3      | Reached XP level 6. HP: 25/32 MP: 1/11
  2761 | D:3      | Noticed Grinder
  2975 | D:4      | Noticed an orc warrior
  3036 | D:3      | Killed an orc warrior
  3036 | D:3      | Reached skill level 3 in Short Blades
  3100 | D:4      | Found a staircase to the Ecumenical Temple.
  3136 | Temple   | Entered the Ecumenical Temple
  3229 | Temple   | Became a worshipper of Nemelex Xobeh the Trickster
  3343 | Temple   | Received a gift from Nemelex Xobeh
  3658 | D:4      | Reached XP level 7. HP: 18/36 MP: 8/12
  3821 | D:4      | Found a white marble altar of Elyvilon.
  3890 | D:4      | Noticed BattleRest's ghost (novice DrWz)
  4037 | D:4      | Received a gift from Nemelex Xobeh
  4057 | D:4      | Found Nougapha's Assorted Antiques.
  4194 | D:4      | Killed BattleRest's ghost
  4194 | D:4      | Reached skill level 4 in Short Blades
  4194 | D:4      | Reached skill level 1 in Invocations
  4235 | D:4      | Reached * piety under Nemelex Xobeh
  4305 | D:5      | Entered Level 5 of the Dungeon
  4393 | D:5      | Reached skill level 5 in Stealth
  4393 | D:5      | Gained mutation: You have razor-sharp teeth. [Vine Stalker growth]
  4393 | D:5      | Reached XP level 8. HP: 7/41 MP: 2/13
  4570 | D:5      | Noticed Prince Ribbit
  4583 | D:5      | Killed Prince Ribbit
  4867 | D:5      | Found Moacsamo's Distillery.
  4870 | D:5      | Bought a potion of curing for 36 gold pieces
  4870 | D:5      | Bought a potion of might for 48 gold pieces
  4870 | D:5      | Bought a potion of lignification for 36 gold pieces
  4870 | D:5      | Bought a potion of agility for 48 gold pieces
  5183 | D:6      | Noticed a vampire
  5184 | D:6      | Reached skill level 5 in Hexes
  5191 | D:6      | Killed a vampire
  5325 | D:6      | Reached XP level 9. HP: 45/45 MP: 14/14
  5346 | D:6      | Reached skill level 5 in Short Blades
  5479 | D:6      | Found a snail-covered altar of Cheibriados.
  5563 | D:6      | Received a gift from Nemelex Xobeh
  5842 | D:5      | Noticed a rust devil
  5842 | D:5      | Noticed a rust devil
  5855 | D:6      | Killed a rust devil
  5864 | D:5      | Noticed an orange demon
  5864 | D:5      | a rust devil changed into an orange demon
  6274 | D:6      | Killed an orange demon
  6274 | D:6      | Reached skill level 5 in Fighting
  6389 | D:7      | Found Zin's Purification Station.
  6390 | D:7      | Found a glowing silver altar of Zin.
  6516 | D:7      | Reached ** piety under Nemelex Xobeh
  6900 | D:7      | Reached skill level 6 in Short Blades
  7083 | D:8      | Reached XP level 10. HP: 51/51 MP: 15/15
  7228 | D:8      | Found a shadowy altar of Dithmenos.
  7228 | D:8      | Found a radiant altar of Vehumet.
  7356 | D:8      | Found a blossoming altar of Fedhas.
  7440 | D:8      | Noticed Psyche
  7449 | D:8      | Killed Psyche
  7449 | D:8      | Reached skill level 5 in Dodging
  7541 | D:9      | You fall through a shaft!
  7541 | D:10     | Entered Level 10 of the Dungeon
  7545 | D:10     | Reached skill level 5 in Invocations
  7557 | D:10     | Reached skill level 7 in Short Blades
  7558 | D:10     | Received a gift from Nemelex Xobeh
  7641 | D:10     | Found Wifeuxi's Book Emporium.
  7652 | D:10     | Noticed Fannar
  7652 | D:10     | Noticed a cyan ugly thing
  8040 | D:9      | Found a staircase to the Orcish Mines.
  8347 | Orc:1    | Entered Level 1 of the Orcish Mines
  8601 | Orc:2    | Entered Level 2 of the Orcish Mines
  8710 | Orc:2    | Found a staircase to the Elven Halls.
  8893 | Orc:1    | Reached XP level 11. HP: 28/56 MP: 8/16
  9083 | Orc:2    | Noticed Arum's ghost (adept DsGl)
  9109 | Orc:2    | Reached *** piety under Nemelex Xobeh
  9179 | Orc:2    | Killed Arum's ghost
  9179 | Orc:2    | Reached skill level 8 in Short Blades
  9233 | Orc:2    | Noticed an orc sorcerer
  9249 | Orc:2    | Killed an orc sorcerer
  9296 | Orc:2    | Noticed an orc sorcerer
  9451 | Orc:1    | Noticed a wolf spider
  9525 | Orc:1    | Received a gift from Nemelex Xobeh
  9556 | Orc:2    | Killed an orc sorcerer
  9791 | Orc:2    | Noticed an orc high priest
  9803 | Orc:2    | Noticed an orc knight
  9939 | Orc:2    | Killed from afar by an orc priest

Vault maps used:
D:1:      minmay_arrival_semitransparent, minmay_stone_trees_small
D:2:      uniq_robin, uniq_crazy_yiuf_cottage
D:3:      uniq_grinder, uniq_terence
D:4:      minmay_temple_entry_hall, first_ration, serial_shops, shop_fountains,
          elyvilon_altar_1
D:5:      cheibrodos_iron_armory, serial_shops, kennysheep_mini_moat,
          uniq_prince_ribbit1
D:6:      lemuel_crystal_altar, minmay_small_thing
D:7:      zin_purify, serial_glass, glass_columns_c, glass_columns_a,
          glass_columns_a, glass_columns_a, glass_columns_a, glass_columns_b
D:8:      gammafunk_temple_overflow_pools, basic_altar, uniq_psyche
D:9:      orc_0_dummy, blue_anna_alchemist, item_on_display_a
D:10:     serial_shops, shop, special_room, uniq_fannar
Temple:   dpeg_five_rooms_temple
Orc:1:    nicolae_orc_accident_3
Orc:2:    st_orc_congregation, uniq_sonja

Skill      XL: |  1  2  3  4  5  6  7  8  9 10 11 |
---------------+----------------------------------+-----
Short Blades   | 1 2 3 4 6 7 8 |  8.2
Fighting       | 1 2 3 4 5 6 |  6.8
Stealth        | 4 5 7 |  7.0
Dodging        | 2 3 4 5 6 |  6.1
Spellcasting   | 3 |  3.0
Hexes          | 4 5 6 7 |  7.8
Invocations    | 1 2 4 5 6 |  6.5

Action                   |  1- 3 |  4- 6 |  7- 9 | 10-12 || total
-------------------------+-------+-------+-------+-------++-------
Melee: Dagger            |   125 |   203 |   337 |   502 ||  1167
       Bite              |    30 |    61 |   107 |   181 ||   379
       Falchion          |       |       |       |    18 ||    18
 Cast: Corona            |     5 |     2 |       |       ||     7
       Confuse           |       |    21 |    25 |    30 ||    76
Evoke: Deck              |       |       |    14 |    11 ||    25
  Use: Scroll            |       |     2 |     7 |     4 ||    13
       Potion            |       |       |       |     2 ||     2
 Stab: Sleeping          |     7 |     5 |    15 |    11 ||    38
       Confused          |       |     8 |    12 |    15 ||    35
       Distracted        |       |       |     1 |     3 ||     4
  Eat: Chunk             |     2 |     7 |    11 |    15 ||    35
       Ration            |       |     1 |       |       ||     1
Armor: Robe              |    22 |    31 |    42 |    49 ||   144
       Scale mail        |       |       |       |    57 ||    57
Dodge: Dodged            |    58 |    87 |   215 |   273 ||   633
       Rpst.: Falchion   |       |       |       |     5 ||     5

Table legend:
 A = Spawn XP
 B = Non-spawn XP
 C = Spawn XP percentage of total XP
 D = Spawn monster count
 E = Non-spawn monster count
 F = Spawn count percentage of total count
 G = Total turns spent on level
                    A         B        C        D         E        F      G
               +---------+---------+-------+---------+---------+-------+---------
         Total |       0 |   12948 |   0.0 |       0 |     269 |   0.0 |  9939
               +---------+---------+-------+---------+---------+-------+---------
           D:1 |       0 |      22 |   0.0 |       0 |      14 |   0.0 |  1120
           D:2 |       0 |     155 |   0.0 |       0 |      35 |   0.0 |  1173
           D:3 |       0 |     311 |   0.0 |       0 |      34 |   0.0 |   768
           D:4 |       0 |     591 |   0.0 |       0 |      10 |   0.0 |   987
           D:5 |       0 |    1063 |   0.0 |       0 |      22 |   0.0 |   941
           D:6 |       0 |    1724 |   0.0 |       0 |      22 |   0.0 |  1047
           D:7 |       0 |     628 |   0.0 |       0 |      12 |   0.0 |   617
           D:8 |       0 |    1456 |   0.0 |       0 |      17 |   0.0 |   616
           D:9 |       0 |    1544 |   0.0 |       0 |      30 |   0.0 |   831
          D:10 |       0 |     917 |   0.0 |       0 |       8 |   0.0 |   125
         Orc:1 |       0 |    1799 |   0.0 |       0 |      36 |   0.0 |  1034
         Orc:2 |       0 |    2738 |   0.0 |       0 |      29 |   0.0 |   423
               +---------+---------+-------+---------+---------+-------+---------
